AoeStats
← GhostPants

MegaRandom

510174719Analyzed
3v3 RM · 2d ago on Sep 29, 2026· 55m 17s· 6 players
Game mode
Random Map
Map size
Normal (6 player)
Population
200
Speed
Normal
Resources
Standard
Victory
Conquest
Starting age
Dark Age
Ending age
Imperial Age
RankedLock teamsTeams togetherTeam positionsShared explorationLock speedFull tech treeHidden civsTurbo modeCheats
Victory
Defeat
🇨🇾 Byzantines · Cyprus
1053
+14
🇨🇾 Vietnamese · Cyprus
1028
+15
🇨🇾 Spanish · Cyprus
1015
+15
🇮🇪 Mongols · Ireland
1049
-16
🇵🇪 Poles · Peru
1000
-15
🇲🇽 Vikings · Mexico
959
-13
lu23
3:16 Loom
10:05 Feudal Age
11:23 Double-Bit Axe
15:57 Bloodlines
22:22 Castle Age
21:24 Horse Collar
21:37 Gold Mining
22:27 Stone Mining
22:57 Forging
22:54 Scale Barding Armor
23:14 Bow Saw
24:38 Wheelbarrow
24:58 Husbandry
24:41 Light Cavalry
27:06 Heavy Plow
29:10 Chain Barding Armor
29:30 Iron Casting
29:41 Town Watch
35:17 Imperial Age
33:03 Fletching
34:54 Hand Cart
35:19 Chain Barding Armor
36:27 Lechitic Legacy
36:36 Conscription
37:25 Winged Hussar
39:15 Ballistics
39:58 Blast Furnace
40:14 Town Patrol
40:34 Scale Mail Armor
43:14 Chemistry
43:07 Murder Holes
44:44 Hoardings
44:21 Masonry
48:10 Elite Obuch
49:55 Chain Mail Armor
51:25 Bodkin Arrow
52:23 Bracer
redjumper99
1:37 Loom
10:15 Feudal Age
12:31 Double-Bit Axe
21:48 Castle Age
21:09 Stone Mining
23:04 Squires
24:18 Pikeman
25:15 Town Watch
29:43 Horse Collar
33:16 Scale Mail Armor
34:00 Heavy Plow
37:14 Gold Mining
42:34 Forging
43:47 Stone Shaft Mining
43:48 Chain Mail Armor
45:55 Iron Casting
48:28 Imperial Age
46:12 Man-at-Arms
52:27 Bow Saw
joseemiron
7:34 Loom
10:12 Feudal Age
11:07 Double-Bit Axe
11:20 Horse Collar
13:57 Forging
19:19 Castle Age
18:09 Gold Mining
18:11 Stone Mining
18:55 Scale Mail Armor
21:35 Bow Saw
22:29 Heavy Plow
25:11 Gold Shaft Mining
29:18 Chain Mail Armor
29:38 Iron Casting
29:06 Squires
33:16 Imperial Age
33:10 Fletching
33:54 Chieftains
34:30 Conscription
34:11 Bogsveigar
33:31 Elite Berserk
34:50 Bodkin Arrow
35:27 Plate Mail Armor
35:57 Blast Furnace
36:07 Blast Furnace
35:47 Bracer
37:26 Ballistics
38:07 Chemistry
Polis
10:01 Loom
13:02 Feudal Age
16:59 Double-Bit Axe
18:47 Horse Collar
22:34 Castle Age
21:48 Horse Collar
25:09 Bow Saw
27:44 Wheelbarrow
26:55 Town Watch
31:50 Imperial Age
29:38 Hand Cart
31:06 Fletching
34:23 Ballistics
34:10 Elite Rattan Archer
38:08 Bodkin Arrow
38:15 Padded Archer Armor
38:36 Fortified Wall
39:27 Chemistry
40:16 Paper Money
40:04 Bracer
40:32 Leather Archer Armor
42:41 Masonry
46:49 Ring Archer Armor
47:04 Hoardings
47:43 Heavy Plow
53:04 Two-Man Saw
52:56 Chatras
52:48 Elite Battle Elephant
53:32 Husbandry
53:01 Elite Cannon Galleon
55:29 Forging
55:24 Scale Barding Armor
GhostPants
6:14 Loom
10:45 Feudal Age
16:40 Castle Age
16:02 Horse Collar
16:37 Double-Bit Axe
19:42 Pikeman
21:14 Double-Bit Axe
23:47 Bow Saw
28:21 Wheelbarrow
30:55 Scale Barding Armor
31:02 Forging
32:30 Wheelbarrow
32:45 Chain Barding Armor
35:03 Hand Cart
34:47 Gold Mining
34:48 Stone Mining
34:56 Stone Mining
36:21 Town Watch
39:08 Imperial Age
37:10 Bloodlines
37:35 Husbandry
38:50 Iron Casting
38:07 Fletching
38:56 Stone Shaft Mining
38:56 Murder Holes
39:16 Fortified Wall
40:31 Cavalier
42:06 Paladin
43:27 Plate Barding Armor
Freaky GHOSTMAN cY
11:07 Feudal Age
11:40 Double-Bit Axe
16:24 Horse Collar
19:22 Castle Age
17:09 Loom
20:27 Husbandry
21:14 Forging
23:43 Pikeman
27:06 Wheelbarrow
27:10 Gold Mining
28:24 Scale Barding Armor
30:02 Bow Saw
34:32 Imperial Age
32:56 Hand Cart
34:03 Iron Casting
34:40 Gold Shaft Mining
33:57 Stone Mining
35:37 Chain Barding Armor
35:00 Cavalier
35:43 Heavy Plow
36:59 Plate Barding Armor
37:50 Two-Man Saw
37:23 Crop Rotation
37:19 Conscription
39:32 Paladin
40:13 Fletching
41:20 Capped Ram
43:40 Siege Ram
45:35 Chemistry
44:56 Ballistics
44:17 Treadmill Crane
44:32 Murder Holes
44:36 Bodkin Arrow
46:43 Heavy Camel Rider
48:26 Bracer
51:47 Elite Skirmisher
Connection lost

Rejoining the realm…

Still unreachable

The connection could not be restored.

Session expired

The server has moved on; the page needs a fresh start.